AoeStats
← 冰蓝

Arabia

510734694Analyzed
2v2 RM · 23h ago on Oct 2, 2026· 41m 42s· 4 players
Game mode
Random Map
Map size
Medium (4 player)
Population
200
Speed
Normal
Resources
Standard
Victory
Conquest
Starting age
Dark Age
Ending age
Imperial Age
RankedLock teamsTeams togetherTeam positionsShared explorationLock speedFull tech treeHidden civsTurbo modeCheats
Victory
Defeat
🇩🇪 Burgundians · Germany
1046
+14
🇩🇪 Saxons · Germany
1014
+16
🇨🇳 Chinese · China
1007
-42
🇨🇳 Hindustanis · China
1007
-42
爱森
15:06 Feudal Age
20:44 Double-Bit Axe
26:09 Castle Age
36:44 Imperial Age
33:52 Pikeman
36:12 Caravan
37:59 Wheelbarrow
37:15 Siege Elephant
冰蓝
12:00 Feudal Age
11:19 Loom
14:50 Wheelbarrow
21:39 Double-Bit Axe
24:48 Fletching
24:58 Horse Collar
26:42 Bloodlines
31:09 Castle Age
31:20 Stone Mining
31:21 Gold Mining
31:48 Padded Archer Armor
32:32 Hand Cart
32:52 Thumb Ring
32:45 Bodkin Arrow
32:57 Husbandry
33:13 Heavy Plow
33:26 Bow Saw
34:01 Thumb Ring
34:44 Man-at-Arms
Bricksl
5:01 Loom
10:08 Feudal Age
9:13 Double-Bit Axe
9:16 Horse Collar
13:57 Heavy Plow
14:12 Bow Saw
18:58 Wheelbarrow
21:37 Castle Age
20:40 Hand Cart
20:32 Scale Barding Armor
20:38 Forging
22:28 Town Watch
22:14 Cavalier
27:35 Two-Man Saw
27:29 Husbandry
28:39 Crop Rotation
28:41 Chain Barding Armor
28:56 Iron Casting
29:48 Fletching
31:11 Bodkin Arrow
32:01 Ballistics
31:23 Treadmill Crane
31:54 Masonry
32:21 Padded Archer Armor
32:53 Burgundian Vineyards
34:28 Fervor
36:54 Imperial Age
35:10 Murder Holes
35:43 Stone Mining
35:46 Gold Mining
36:15 Elite Skirmisher
37:41 Caravan
37:34 Paladin
41:13 Hoardings
41:01 Conscription
41:21 Hoardings
41:51 Stone Shaft Mining
41:52 Gold Shaft Mining
GerTreuzi
5:29 Loom
10:28 Feudal Age
10:37 Man-at-Arms
13:18 Scale Mail Armor
13:06 Double-Bit Axe
13:02 Horse Collar
16:17 Forging
16:49 Wheelbarrow
17:17 Gold Mining
22:30 Castle Age
20:58 Stone Mining
24:02 Chain Mail Armor
23:09 Long Swordsman
23:38 Gambesons
24:24 Hand Cart
24:22 Town Watch
25:15 Iron Casting
24:43 Squires
25:29 Long Swordsman
29:03 Gold Shaft Mining
31:16 Town Patrol
31:22 Pikeman
39:04 Imperial Age
36:24 Arson
39:15 Elite Varangian Guard
40:27 Plate Mail Armor
40:02 Heavy Plow
40:16 Bow Saw
39:35 Capped Ram
39:38 Long Swordsman
39:39 Halberdier
40:32 Siege Ram
40:34 Two-Handed Swordsman
41:39 Shield Wall
Connection lost

Rejoining the realm…

Still unreachable

The connection could not be restored.

Session expired

The server has moved on; the page needs a fresh start.